 Dungeon Crawl Stone Soup version 0.26-a0-712-ga5a9c9c9d0 (webtiles) character file.

Game seed: 15173272711628216267

247195 Arthanis the Severer (level 19, -25/195 HPs)
             Began as a Gargoyle Berserker on Nov 9, 2020.
             Was a High Priest of Trog.
             Annihilated by a titanic slime creature (42 damage)
             ... summoned by a boggart
             ... on level 1 of the Vaults.
             The game lasted 00:57:57 (34311 turns).

Arthanis the Severer (Gargoyle Berserker)          Turns: 34311, Time: 00:57:58

Health: -25/195    AC: 46    Str: 28    XL:     19   Next: 98%
Magic:  19/19      EV: 14    Int: 13    God:    Trog [*****.]
Gold:   4019       SH:  0    Dex: 21    Spells: 18/18 levels left

rFire    + . .     SeeInvis +   D - +9 executioner's axe (vamp)
rCold    . . .     Faith    +   (shield currently unavailable)
rNeg     + . .     Spirit   .   P - +0 crystal plate armour
rPois    ∞         Reflect  .   K - +2 helmet {SInv}
rElec    +         Harm     .   J - scarf {repulsion}
rCorr    .         Rampage  .   V - +2 pair of gloves
MR       ++...                  r - +0 pair of boots of Compression {rF+ Regen+ Dex+4}
Stlth    ..........             d - amulet of Vagaijarea {Faith +Inv MR- Int-2 Dex+8}
HPRegen  1.82/turn              p - +4 ring of evasion
MPRegen  0.16/turn              R - +6 ring of strength

@: berserking, flying, regenerating, repel missiles, very quick
A: big wings, negative energy resistance 1, electricity resistance, unbreathing,
petrification resistance, rot immunity, AC +14
}: 1/15 runes: decaying
a: Stop Flying, Berserk, Trog's Hand, Brothers in Arms, Renounce Religion, Evoke
Invisibility


You were on level 1 of the Vaults.
You worshipped Trog.
Trog was extremely pleased with you.
You visited 6 branches of the dungeon, and saw 31 of its levels.
You visited the Abyss 1 time.
You also visited: Ice Cave.

You collected 5092 gold pieces.
You spent 1073 gold pieces at shops.

Inventory:

Hand Weapons
 a - a +1 battleaxe of flaming
 b - a +3 vorpal executioner's axe
 j - the +10 war axe of Spite {vorpal, rC- MR++ Str+5}
   (Trog gifted it to you on level 2 of the Orcish Mines)

   It inflicts extra damage upon your enemies.
   It affects your strength (+5).
   It makes you vulnerable to cold.
   It affects your resistance to hostile enchantments.
 k - a +5 antimagic broad axe
 x - a +4 war axe of flaming
 y - a +0 trident
 z - the +0 falchion of Sin {freeze, rF++ rC+++ Int-5 Dex-4}
   (You found it on level 5 of the Dungeon)

   It has been specially enchanted to freeze those struck by it, causing extra
   injury to most foes and up to half again as much damage against particularly
   susceptible opponents.
   It can also slow down cold-blooded creatures.
   It affects your intelligence (-5).
   It affects your dexterity (-4).
   It greatly protects you from fire.
   It renders you almost immune to cold.
 C - a +5 antimagic battleaxe
 D - a +9 vampiric executioner's axe (weapon)
 O - a +4 antimagic broad axe
Missiles
 S - a throwing net (quivered)
Armour
 r - the +0 pair of boots of Compression (worn) {rF+ Regen+ Dex+4}
   (You bought it in a shop on level 13 of the Dungeon)

   It affects your dexterity (+4).
   It protects you from fire.
   It increases your rate of regeneration.
 J - a scarf of repulsion (worn)
 K - a +2 helmet of see invisible (worn)
 P - a +0 crystal plate armour (worn)
 V - a +2 pair of gloves (worn)
 Y - a +0 buckler of cold resistance
Jewellery
 d - the amulet of Vagaijarea (around neck) {Faith +Inv MR- Int-2 Dex+8}
   (You took it off a deep elf annihilator on level 3 of the Elven Halls)

   [amulet of faith]

   It allows you to gain divine favour quickly.
   It affects your intelligence (-2).
   It affects your dexterity (+8).
   It affects your resistance to hostile enchantments.
   It lets you turn invisible.
 p - a +4 ring of evasion (left hand)
 L - an uncursed ring of see invisible
 R - a +6 ring of strength (right hand)
 X - an uncursed ring of fire
Wands
 A - a wand of flame (92)
 E - a wand of acid (30)
 H - a wand of disintegration (21)
 M - a wand of paralysis (29)
 Z - a wand of polymorph (30)
Scrolls
 f - 5 scrolls of magic mapping
 g - 6 scrolls of enchant armour
 i - 2 scrolls of silence
 l - 9 scrolls of blinking
 q - 7 scrolls of teleportation
 t - 7 scrolls of immolation
 v - 16 scrolls of remove curse
 w - a scroll of holy word
 W - 4 scrolls of fog
Potions
 c - 3 potions of lignification
 e - 2 potions of invisibility
 h - 16 potions of curing
 m - 3 potions of haste
 n - 2 potions of mutation
 o - 3 potions of might
 s - 3 potions of stabbing
 B - 4 potions of brilliance
 G - 2 potions of berserk rage {unknown}
 I - 2 potions of resistance {unknown}
 N - 7 potions of flight {unknown}
 Q - a potion of magic {unknown}
 T - 3 potions of heal wounds


   Skills:
 + Level 18.1 Fighting
 * Level 20.8 Axes
 + Level 13.9 Armour
 - Level 6.0 Dodging
 - Level 4.0 Shields
 - Level 12.1 Evocations


You had 18 spell levels left.
You didn't know any spells.
Your spell library contained the following spells:

 Spells                   Type           Power        Failure   Level
 Beastly Appendage        Tmut           #.....       100%        1
 Freeze                   Ice            #...         100%        1
 Magic Dart               Conj           #...         100%        1
 Blink                    Tloc           N/A          100%        2
 Call Imp                 Summ           #.......     100%        2
 Poisonous Vapours        Pois/Air       #.....       100%        2
 Searing Ray              Conj           #.....       100%        2
 Slow                     Hex            #.......     100%        2
 Wereblood                Tmut           #.......     100%        2
 Conjure Flame            Conj/Fire      #.......     100%        3
 Dazzling Flash           Conj/Hex       #.....       100%        3
 Frozen Ramparts          Ice            #.....       100%        3
 Ignite Poison            Fire/Tmut/Pois #.......     100%        3
 Mephitic Cloud           Conj/Pois/Air  #.......     100%        3
 Ozocubu's Armour         Ice            #.......     100%        3
 Spider Form              Tmut/Pois      #.........   100%        3
 Fulminant Prism          Conj/Hex       #.........   100%        4
 Hailstorm                Conj/Ice       #.......     100%        4
 Ice Form                 Ice/Tmut       #.......     100%        4
 Iskenderun's Mystic Bla  Conj/Tloc      #.......     100%        4
 Petrify                  Tmut/Erth      #.......     100%        4
 Summon Ice Beast         Ice/Summ       #.......     100%        4
 Alistair's Intoxication  Tmut/Pois      #........    100%        5
 Blade Hands              Tmut           #.........   100%        5
 Bolt of Magma            Conj/Fire/Erth #.........   100%        5
 Irradiate                Conj/Tmut      #.........   100%        5
 Iskenderun's Battlesphe  Conj           #.......     100%        5
 Summon Demon             Summ           #.........   100%        5
 Summon Forest            Summ/Tloc      #.........   100%        5
 Summon Mana Viper        Hex/Summ       #.......     100%        5
 Eringya's Noxious Bog    Tmut/Pois      #.........   100%        6
 Freezing Cloud           Conj/Ice/Air   #.........   100%        6
 Iron Shot                Conj/Erth      #.........   100%        6
 Shadow Creatures         Summ           N/A          100%        6
 Orb of Destruction       Conj           #.........   100%        7
 Spellforged Servitor     Conj/Summ      #.........   100%        7
 Summon Hydra             Summ           #.........   100%        7
 Chain Lightning          Conj/Air       #.........   100%        8
 Lehudib's Crystal Spear  Conj/Erth      #.........   100%        8
 Absolute Zero            Ice            #.........   100%        9
 Fire Storm               Conj/Fire      #.........   100%        9
 Sublimation of Blood     Necr           Unusable     N/A         2

Dungeon Overview and Level Annotations

Branches:
Dungeon (15/15)            Temple (0/1) D:6            Lair (6/6) D:8
  Swamp (4/4) Lair:3       Spider (0/4) Lair:4        Slime (0/5) Lair:5
    Orc (2/2) D:11            Elf (3/3) Orc:2        Vaults (1/5) D:14
 Depths (0/5) D:15          IceCv (visited)

Altars:
Dithmenos
Elyvilon
Gozag
Hepliaklqana
Kikubaaqudgha
Makhleb
Nemelex Xobeh
Okawaru
Ru
Sif Muna
Trog
Uskayaw
Vehumet
Xom
Zin
The Shining One
Jiyva

Shops:
D:8 [   D:13 [   D:15 :**?   Orc:2 :?[[*   Elf:1 [   Elf:3 *

Annotations:
D:15 3 runed translucent doors, Okhlofrez's ghost, adept DESu
Elf:3 3 runed translucent doors, exclusion: obsidian statue, Guumetost's ghost, adept DrVM


Innate Abilities, Weirdness & Mutations

You are resistant to torment.
Your stone body is resilient. (AC +14)
You are immune to poison.
Your large and strong wings let you fly indefinitely.
You resist negative energy. (rN+)
You are resistant to electric shocks. (rElec)
You can survive without breathing.
You are immune to petrification.
You are immune to rotting.


Message History

The necromancer binds the souls of nearby monsters.
You slice the titanic slime creature!!
The titanic slime creature is heavily wounded.
The titanic slime creature hits you!
* * * LOW HITPOINT WARNING * * *
You cut the titanic slime creature into ribbons!!!
The titanic slime creature is heavily wounded.
You slash the titanic slime creature!
The titanic slime creature is heavily wounded.
The titanic slime creature barely misses you.
You slice the titanic slime creature like a ripe choko!!!
The titanic slime creature is severely wounded.
The titanic slime creature misses you.
You slice the titanic slime creature!!
The titanic slime creature is severely wounded.
The deep elf mage casts a spell.
You carve the titanic slime creature like a ham!!!
The titanic slime creature is almost dead.
The titanic slime creature hits you!!!
You die...

####################
#.....(+..(.@JGgZpZ.
#......###).##pZ##Z.
#......# #..# e#
#......# #### #
#......# #......#
########'###
#..#.....#
#..#.....#


You could see a vault warden (soul bound), a great orb of eyes (summoned), a
titanic slime creature (summoned), a deep elf mage (soul bound), a necromancer
(summoned, invisible), a boggart (invisible), an ettin simulacrum (summoned), a
vault warden simulacrum (summoned), a hornet zombie (summoned) and an ironheart
preserver skeleton (summoned).

Vanquished Creatures
  the Lernaean hydra (Swamp:4)
  4 deep elf blademasters (Elf:3)
  4 deep elf master archers (Elf:3)
  Frances (D:12)
  A fire giant (D:14)
  5 deep elf sorcerers (Elf:3)
  A vault warden (Vaults:1)
  3 deep elf elementalists (Elf:3)
  5 ironheart preservers (Vaults:1)
  A very ugly thing (Swamp:4)
  4 deep elf demonologists
  4 dire elephants (Lair:6)
  8 deep elf annihilators
  Snorg (Orc:1)
  A deep elf death mage (Vaults:1)
  An ettin (D:15)
  Josephine (Lair:5)
  A deep elf high priest (Elf:2)
  2 yaktaur captains (Vaults:1)
  2 fire dragons (Vaults:1)
  A rakshasa (Vaults:1)
  8 ogre magi
  20 hydras
  3 boulder beetles
  12 centaur warriors
  A catoblepas (Lair:6)
  3 shambling mangroves
  An anaconda (Lair:6)
  16 alligators
  2 ghost crabs
  22 dancing weapons
  28 two-headed ogres
  A deep troll earth mage (Vaults:1)
  16 death yaks
  A tengu warrior (D:15)
  A shock serpent (shapeshifter) (Vaults:1)
  Urug (Lair:3)
  18 deep elf knights
  3 deep trolls
  5 spriggan druids (Swamp:4)
  A sea snake (shapeshifter) (Vaults:1)
  A wizard (D:14)
  12 swamp dragons
  2 ironbrand convokers (Vaults:1)
  A necromancer (D:14)
  10 deep elf archers
  5 orc knights (Vaults:1)
  34 deep elf magi
  20 ugly things
  2 manticores
  An orc sorcerer (Orc:2)
  2 wolf spiders (Vaults:1)
  2 oklob plants (Lair:2)
  5 cyclopes
  8 elephants
  An elephant (shapeshifter) (D:14)
  2 ice statues (IceCv)
  21 cane toads
  A black mamba (Lair:2)
  A cane toad (shapeshifter) (D:15)
  2 rime drakes
  A yaktaur (shapeshifter) (D:14)
  A gargoyle (D:14)
  An efreet (D:14)
  A kobold demonologist (D:13)
  12 komodo dragons
  9 ice devils (IceCv)
  A freezing wraith (Vaults:1)
  11 yaktaurs (Vaults:1)
  4 trolls
  3 polar bears
  8 tyrant leeches
  10 hornets
  9 bog bodies
  22 slime creatures
  4 dream sheep (Lair:4)
  25 blink frogs
  3 meliai zombies
  2 spriggans (Swamp:4)
  4 air elementals
  A shadow (D:15)
  A vampire (D:14)
  2 water elementals (Elf:2)
  38 yaks
  A redback (Lair:4)
  2 wyverns
  3 fire elementals
  A human (shapeshifter) (Vaults:1)
  A yak (shapeshifter) (Elf:2)
  17 vampire mosquitoes
  9 wraiths
  5 basilisks
  Menkaure (D:6)
  13 insubstantial wisps
  2 wargs (Orc:1)
  An acid dragon (D:14)
  A soldier ant (shapeshifter) (Vaults:1)
  14 swamp worms
  14 water moccasins
  12 swamp drakes
  32 orc warriors
  4 ice beasts
  3 sky beasts
  A black bear (Lair:1)
  A hornet zombie (D:14)
  3 phantoms
  40 ogres
  14 centaurs
  An eye of draining (D:12)
  12 wolves
  6 big kobolds
  21 bullfrogs
  An earth elemental (Elf:2)
  A wyvern skeleton (D:12)
  5 scorpions
  An orc simulacrum (Vaults:1)
  17 killer bees
  16 wights
  6 howler monkeys
  6 centaur zombies
  5 hounds
  21 orc priests
  4 bullfrog skeletons
  6 jellies
  6 centaur skeletons
  Jessica (D:3)
  2 hell rats (Lair:1)
  An iguana (D:14)
  Terence (D:2)
  25 orc wizards
  15 worker ants
  A hound zombie (D:9)
  A hound skeleton (D:9)
  A howler monkey skeleton (D:9)
  13 adders
  7 gnolls
  7 river rats (Lair:1)
  A shadow imp (D:8)
  10 white imps
  11 ufetubi
  2 oozes
  An adder skeleton (D:4)
  3 worms
  2 dart slugs
  7 leopard geckos
  108 orcs
  11 giant cockroaches
  13 goblins
  6 hobgoblins
  14 jackals
  5 quokkas
  3 ball pythons
  8 bats
  5 frilled lizards
  2 jackal skeletons
  25 kobolds
  A leopard gecko skeleton (D:4)
  A quokka skeleton (D:3)
  5 rats
1170 creatures vanquished.

Vanquished Creatures (collateral kills)
  A deep elf sorcerer (Elf:3)
  A deep elf elementalist (Elf:3)
  A deep elf demonologist (Elf:3)
  A deep elf annihilator (Elf:3)
4 creatures vanquished.

Vanquished Creatures (others)
  A deep elf sorcerer (Elf:3)
  A reaper (IceCv)
  2 deep elf annihilators (Elf:3)
  A deep elf death mage (Elf:3)
  A hydra (Swamp:4)
  A cane toad (Swamp:4)
  A swamp drake (Swamp:4)
  A centaur (Vaults:1)
  An earth elemental (Elf:1)
  3 white imps (IceCv)
  5 ufetubi (IceCv)
  13 fungi
  31 plants
62 creatures vanquished.

Grand Total: 1236 creatures vanquished

Notes
Turn   | Place    | Note
-------+----------+-------------------------------------------
     0 | D:1      | Arthanis the Gargoyle Berserker began the quest for the
                  | Orb.
     0 | D:1      | Reached XP level 1. HP: 14/14 MP: 1/1
    38 | D:1      | Reached XP level 2. HP: 14/19 MP: 2/2
   197 | D:1      | Reached skill level 3 in Axes
   839 | D:1      | Reached XP level 3. HP: 22/23 MP: 3/3
   946 | D:2      | Reached ** piety under Trog
  1063 | D:2      | Found a shadowy altar of Dithmenos.
  1069 | D:2      | Noticed Terence
  1078 | D:2      | Killed Terence
  1078 | D:2      | Reached XP level 4. HP: 29/29 MP: 4/4
  1989 | D:3      | Found an iron altar of Okawaru.
  1994 | D:3      | Noticed Jessica
  2005 | D:3      | Killed Jessica
  2005 | D:3      | Reached skill level 4 in Axes
  2005 | D:3      | Reached XP level 5. HP: 33/33 MP: 5/5
  2027 | D:3      | Reached *** piety under Trog
  2419 | D:3      | Found a hazy altar of Hepliaklqana.
  2564 | D:3      | Reached XP level 6. HP: 39/39 MP: 6/6
  2941 | D:3      | Found a bloodstained altar of Trog.
  3657 | D:4      | Reached skill level 5 in Axes
  3803 | D:5      | Entered Level 5 of the Dungeon
  3808 | D:5      | Noticed a phantom
  3841 | D:5      | Killed a phantom
  3841 | D:5      | Reached skill level 5 in Fighting
  3841 | D:5      | Reached XP level 7. HP: 44/44 MP: 7/7
  3851 | D:5      | Found an ancient bone altar of Kikubaaqudgha.
  3853 | D:5      | Got an iridescent falchion
  3977 | D:5      | Found a white marble altar of Elyvilon.
  4003 | D:5      | Reached **** piety under Trog
  4039 | D:5      | Found an opulent altar of Gozag.
  4160 | D:5      | Reached skill level 5 in Armour
  4180 | D:5      | Reached skill level 6 in Axes
  4245 | D:5      | Found a burning altar of Makhleb.
  4250 | D:5      | Found a glowing silver altar of Zin.
  4250 | D:5      | Noticed a balrug
  4250 | D:5      | Noticed an angel
  4304 | D:5      | Found a hide-covered altar of Uskayaw.
  4315 | D:5      | Reached XP level 8. HP: 51/51 MP: 8/8
  4731 | D:6      | Noticed Menkaure
  4744 | D:6      | Killed Menkaure
  4900 | D:6      | Found a staircase to the Ecumenical Temple.
  5234 | D:6      | Reached skill level 7 in Axes
  5822 | D:7      | Identified the cursed +0 falchion of Sin {freeze, rF++
                  | rC+++ Int-5 Dex-4} (You found it on level 5 of the Dungeon)
  6148 | D:7      | Found a sacrificial altar of Ru.
  6471 | D:7      | Reached XP level 9. HP: 56/56 MP: 9/9
  6488 | D:7      | Reached skill level 8 in Axes
  6488 | D:7      | Reached skill level 1 in Evocations
  6935 | D:7      | Found a shimmering blue altar of Sif Muna.
  7224 | D:8      | Found a large runed translucent door.
  7225 | D:8      | Found a large runed translucent door.
  7228 | D:8      | Found a large runed translucent door.
  7228 | D:8      | Found a large runed translucent door.
  7437 | D:8      | Reached skill level 9 in Axes
  7451 | D:8      | Found a shimmering altar of Xom.
  7520 | D:8      | Found Deckesec's Antique Armour Emporium.
  7529 | D:8      | Bought a runed scarf for 256 gold pieces
  7721 | D:8      | Reached ***** piety under Trog
  7811 | D:8      | Reached XP level 10. HP: 49/65 MP: 10/10
  8046 | D:8      | Reached skill level 10 in Axes
  8096 | D:8      | Found a staircase to the Lair.
  8330 | D:8      | Received a gift from Trog
  8673 | D:9      | Found a hide-covered altar of Uskayaw.
  9015 | D:9      | Reached skill level 11 in Axes
  9118 | D:9      | Reached skill level 10 in Fighting
  9358 | D:9      | Found a sparkling altar of Nemelex Xobeh.
  9484 | D:9      | Reached XP level 11. HP: 67/72 MP: 11/11
  9619 | D:10     | Entered Level 10 of the Dungeon
  9695 | D:10     | Received a gift from Trog
  9740 | D:10     | Got a brightly glowing rapier
 10103 | D:10     | Reached skill level 12 in Axes
 10555 | D:11     | Noticed a two-headed ogre
 10559 | D:11     | Killed a two-headed ogre
 11098 | D:11     | Found a staircase to the Orcish Mines.
 11169 | D:12     | Noticed Frances
 11180 | D:12     | Killed Frances
 11199 | D:12     | Found a frozen archway.
 11221 | IceCv    | Entered an ice cave
 11333 | IceCv    | Received a gift from Trog
 11413 | IceCv    | Killed a reaper
 11673 | IceCv    | Reached skill level 1 in Shields
 11673 | IceCv    | Reached XP level 12. HP: 52/80 MP: 12/12
 12148 | D:12     | Noticed a two-headed ogre
 12158 | D:12     | Killed a two-headed ogre
 12441 | D:12     | Reached skill level 13 in Axes
 12841 | D:12     | Noticed a two-headed ogre
 12847 | D:12     | Killed a two-headed ogre
 12887 | D:12     | Received a gift from Trog
 13268 | D:13     | Found a glowing golden altar of the Shining One.
 13849 | D:13     | Found Vawen's Antique Armour Emporium.
 13852 | D:13     | Bought a pair of translucent boots for 256 gold pieces
 14329 | D:14     | Reached XP level 13. HP: 85/85 MP: 7/13
 14773 | D:14     | Reached skill level 14 in Axes
 15110 | D:14     | Found a radiant altar of Vehumet.
 15702 | D:14     | Reached skill level 10 in Armour
 15711 | D:14     | Found a gate to the Vaults.
 15797 | D:14     | Noticed a fire giant
 15798 | D:14     | Found a runed translucent door.
 16053 | D:15     | Entered Level 15 of the Dungeon
 16066 | D:15     | Received a gift from Trog
 16115 | D:15     | Noticed an ogre mage
 16117 | D:15     | Reached skill level 15 in Axes
 16130 | D:15     | Killed an ogre mage
 16130 | D:15     | Gained mutation: Your large and strong wings let you fly
                  | indefinitely. [Gargoyle growth]
 16130 | D:15     | Reached XP level 14. HP: 94/94 MP: 14/14
 16371 | D:15     | Found a shimmering blue altar of Sif Muna.
 16585 | D:15     | Reached skill level 5 in Evocations
 16778 | D:15     | Found Rusegug's Magic Scroll Shop.
 16786 | D:15     | Bought a scroll of identify for 30 gold pieces
 16786 | D:15     | Bought a scroll of identify for 30 gold pieces
 16786 | D:15     | Bought a scroll of amnesia for 52 gold pieces
 16786 | D:15     | Bought a scroll of random uselessness for 15 gold pieces
 16786 | D:15     | Bought a scroll of identify for 30 gold pieces
 16786 | D:15     | Identified the cursed +0 pair of boots of Compression {rF+
                  | Regen+ Dex+4} (You bought it in a shop on level 13 of the
                  | Dungeon)
 16787 | D:15     | Identified the +9 rapier of the Bouncing Shrikes {vorpal,
                  | rPois MR+ Dex+2} (You found it on level 10 of the Dungeon)
 16875 | D:15     | Found a runed translucent gate.
 16875 | D:15     | Found a runed translucent gate.
 16875 | D:15     | Found a runed translucent gate.
 16875 | D:15     | Found an opulent altar of Gozag.
 16875 | D:15     | Noticed Okhlofrez's ghost (adept DESu)
 16876 | D:15     | Noticed a fire giant
 17113 | D:15     | Reached skill level 16 in Axes
 17115 | D:15     | Received a gift from Trog
 17171 | D:15     | Found Woibbef's General Store.
 17176 | D:15     | Bought a scroll of identify for 28 gold pieces
 17176 | D:15     | Bought a scroll of immolation for 49 gold pieces
 17214 | D:15     | Found Poitad's Book Shop.
 17342 | D:15     | Found a staircase to the Depths.
 17389 | D:15     | Found Koronihe's Assorted Antiques.
 17632 | Orc:1    | Entered Level 1 of the Orcish Mines
 17638 | Orc:1    | Reached ****** piety under Trog
 18131 | Orc:2    | Entered Level 2 of the Orcish Mines
 18136 | Orc:1    | Noticed Snorg
 18159 | Orc:1    | Killed Snorg
 18242 | Orc:2    | Received a gift from Trog
 18279 | Orc:2    | Got a jewelled war axe {god gift}
 18294 | Orc:1    | Identified the +10 war axe of Spite {vorpal, rC- MR++
                  | Str+5} (Trog gifted it to you on level 2 of the Orcish
                  | Mines)
 18377 | Orc:2    | Reached XP level 15. HP: 101/101 MP: 15/15
 18578 | Orc:2    | Found Teric's General Store.
 18578 | Orc:2    | Found Doynude's Armour Shoppe.
 18579 | Orc:2    | Found Poun's Antique Armour Shoppe.
 18579 | Orc:2    | Found Femaw's Magic Scroll Shop.
 18592 | Orc:2    | Bought a scroll of teleportation for 45 gold pieces
 18594 | Orc:2    | Bought a scroll of teleportation for 30 gold pieces
 18594 | Orc:2    | Bought a scroll of identify for 20 gold pieces
 18594 | Orc:2    | Bought a potion of stabbing for 40 gold pieces
 18631 | Orc:2    | Found Zoifis's Book Emporium.
 18987 | Orc:2    | Found a staircase to the Elven Halls.
 19094 | Orc:2    | Received a gift from Trog
 19327 | Lair:1   | Entered Level 1 of the Lair of Beasts
 19892 | Lair:1   | Reached skill level 17 in Axes
 20858 | Lair:2   | Got a pitted pewter ring
 21011 | Lair:3   | Received a gift from Trog
 21021 | Lair:3   | Noticed Urug
 21032 | Lair:3   | Killed Urug
 21235 | Lair:3   | Found a staircase to the Swamp.
 21486 | Lair:3   | Reached skill level 15 in Fighting
 22061 | Lair:4   | Found a hole to the Spider Nest.
 22149 | Lair:4   | Identified the ring "Nocos" {MP+9 Slay+2} (You found it on
                  | level 2 of the Lair of Beasts)
 22736 | Lair:5   | Noticed Josephine
 22750 | Lair:5   | Killed Josephine
 22751 | Lair:5   | Reached XP level 16. HP: 108/108 MP: 16/16
 22885 | Lair:5   | Found a runed translucent door.
 22885 | Lair:5   | Found a viscous altar of Jiyva.
 22893 | Lair:5   | Found a staircase to the Slime Pits.
 22934 | Lair:5   | Received a gift from Trog
 23525 | Lair:6   | Entered Level 6 of the Lair of Beasts
 24588 | Lair:6   | Reached skill level 18 in Axes
 24941 | Swamp:1  | Entered Level 1 of the Swamp
 24952 | Swamp:1  | Received a gift from Trog
 26515 | Swamp:3  | Reached XP level 17. HP: 115/115 MP: 17/17
 26603 | Swamp:3  | Received a gift from Trog
 27418 | Swamp:4  | Entered Level 4 of the Swamp
 27690 | Swamp:4  | Reached skill level 10 in Evocations
 27796 | Swamp:4  | Noticed the 27-headed Lernaean hydra
 27811 | Swamp:4  | Killed the 20-headed Lernaean hydra
 27841 | Swamp:4  | Reached skill level 19 in Axes
 28101 | Swamp:4  | Received a gift from Trog
 28187 | Swamp:4  | Got a decaying rune of Zot
 28967 | Elf:1    | Entered Level 1 of the Elven Halls
 29187 | Elf:1    | Found Ixzayv's Antique Armour Emporium.
 29886 | Elf:2    | Reached XP level 18. HP: 117/122 MP: 9/18
 29952 | Elf:2    | Received a gift from Trog
 30022 | Elf:2    | Found a runed translucent gate.
 30022 | Elf:2    | Found a runed translucent gate.
 30022 | Elf:2    | Found a runed translucent gate.
 30794 | Elf:2    | Received a gift from Trog
 30945 | Elf:3    | Entered Level 3 of the Elven Halls
 31024 | Elf:3    | Found Sufit's Assorted Antiques.
 31031 | Elf:3    | Bought 2 scrolls of teleportation for 192 gold pieces
 31083 | Elf:3    | Reached skill level 5 in Dodging
 31154 | Elf:3    | Noticed a deep elf blademaster
 31165 | Elf:3    | Noticed a deep elf master archer
 31166 | Elf:3    | Noticed a deep elf master archer
 31173 | Elf:3    | Noticed a deep elf blademaster
 31176 | Elf:3    | Noticed a Tzitzimitl
 31178 | Elf:3    | Noticed a Hell Sentinel
 31228 | Elf:3    | Noticed a Hell Sentinel
 31233 | Elf:3    | Killed a deep elf blademaster
 31644 | Elf:3    | Found a runed translucent gate.
 31646 | Elf:3    | Found a runed translucent gate.
 31646 | Elf:3    | Found an opulent altar of Gozag.
 31647 | Elf:3    | Found a runed translucent gate.
 31648 | Elf:3    | Noticed Guumetost's ghost (adept DrVM)
 31676 | Elf:3    | Noticed a deep elf blademaster
 31710 | Elf:3    | Killed a deep elf blademaster
 31710 | Elf:3    | Reached skill level 20 in Axes
 31979 | Elf:3    | Identified the amulet of Vagaijarea {Faith +Inv MR- Int-2
                  | Dex+8}
 31992 | Elf:3    | Received a gift from Trog
 32089 | Elf:3    | Reached XP level 19. HP: 128/128 MP: 19/19
 32334 | Elf:3    | Identified the ring "Dirisi" {+Fly rN+ Slay+4}
 32337 | Elf:3    | Identified the cursed +1 chain mail of the End {Regen+
                  | Str-5 Int+4}
 32343 | Elf:3    | Identified the +6 chain mail of Modesty {MR- Int+5}
 32347 | Elf:3    | Identified the ring "Kiosuikh" {rN+++ Str-5 Dex+4 SInv
                  | Stlth-}
 32373 | Elf:3    | Cast into level 2 of the Abyss (a deep elf demonologist)
 32393 | Elf:3    | Escaped the Abyss
 33180 | Vaults:1 | Entered Level 1 of the Vaults
 34063 | Vaults:1 | Received a gift from Trog
 34070 | Vaults:1 | Identified a scroll of acquirement
 34072 | Vaults:1 | Acquired 1060 gold pieces
 34311 | Vaults:1 | Annihilated by a titanic slime creature

Illustrated notes

Levels and vault maps discovered:
D:1:      ebering_hopf_link, layout_basic
D:2:      layout_basic, nicolae_dithmenos_through_a_glass_darkly, uniq_terence
D:3:      layout_basic, lightli_temple_of_fire, okawaru_gym_becter,
          lemuel_round_altar, uniq_jessica
D:4:      layout_loops_cross
D:5:      layout_loops_ring, grunt_temple_overflow_order_and_chaos_2,
          lemuel_round_altar, nicolae_overflow_crystal_walls, basic_altar,
          grunt_gozag_statues
D:6:      layout_basic, minmay_temple_entry_tees, grunt_tough_drop,
          uniq_menkaure
D:7:      wander_river, layout_loops_corners, lemuel_crystal_altar,
          lemuel_blue_sif_altar
D:8:      layout_rooms, lemuel_coloured_pillars_altar, erik_lair_dragon,
          serial_shops, shop, minmay_hollow_rounded_squares
D:9:      layout_stronghold, lemuel_doored_altar, nemelex_dance_club_becter
D:10:     layout_loops_ring
D:11:     layout_rooms, david_orc_4
D:12:     layout_irregular_city, portal_ice_cave_entry_pillars_1, uniq_frances
D:13:     layout_layer_cave, basic_altar, serial_shops, kennysheep_mini
D:14:     minmay_bubble_buster, layout_small_grid, david_vaults_1,
          serial_park_avenue1, basic_altar, minmay_misc_feat_diagonals,
          minmay_st_funbox
D:15:     hangedman_depths_entry_civil_slaughter, layout_loops_ring,
          serial_shops, shop, shop, shop, ebering_ghost_gozag, basic_altar,
          roderic_lattice_a
Lair:1:   layout_roguey, kennysheep_rathole
Lair:2:   layout_regular_city, serial_rivers, chequers_serial_rivers_room_b,
          chequers_serial_rivers_micro_e, chequers_serial_rivers_large_a,
          chequers_serial_rivers_small_b, chequers_serial_rivers_room_b,
          chequers_serial_rivers_micro_d, minmay_lair_oklob_chamber
Lair:3:   layout_small_grid, skrybe_swamp_entry_bodies, serial_bayou_shore_b,
          uniq_urug
Lair:4:   layout_regular_city, spider_nest_entry_rubble, grunt_megastairs_3
Lair:5:   layout_roguey, slime_altar_2, serial_bayou_shore_b, uniq_josephine
Lair:6:   due_jungle_book, layout_regular_city
Swamp:1:  layout_basic_swamp, evilmike_swamp_ruin_house_6
Swamp:2:  layout_basic_swamp, evilmike_swamp_ruin_house_2,
          infiniplex_staircase_pool_2
Swamp:3:  layout_falls_marsh, nicolae_swamp_dense_foliage
Swamp:4:  swamp_old_school, layout_basic_swamp, swamp_pool4
Orc:1:    layout_diamond_mine, nicolae_orc_lava_room, uniq_snorg
Orc:2:    st_orc_ogre_mass, layout_caves, serial_shops, shop
Elf:1:    minmay_elf_arrival_circle, layout_geoelf_octagon, serial_shops,
          nicolae_shop_trees
Elf:2:    layout_onion_city
Elf:3:    minmay_elf_hall_furrowed, layout_loops_corners, ebering_ghost_gozag,
          serial_shops, nicolae_shop_crystal
Vaults:1: nicolae_vaults_network_star, vaults_room_large_hall, v_rooms_5,
          grunt_vaults_hallway_short, hangedman_vaults_locks, v_misc_10,
          grunt_vaults_focal, nicolae_vaults_three_branches,
          dpeg_vaults_monster_row, vaults_room_stairs_pillars,
          ontoclasm_vaults_ligature, nicolae_vaults_angled_halls,
          vaults_room_ringed_pool, vaults_room_pool, layout_vaults_ring

Skill      XL: |  1  2  3  4  5  6  7  8  9 10 11 12 13 14 15 16 17 18 19 |
---------------+----------------------------------------------------------+-----
Axes           | 3 4 5 6 7 9 11 12 13 15 16 17 18 19 20 | 20.8
Armour         | 3 4 5 6 7 9 10 12 13 | 13.9
Dodging        | 2 3 4 5 6 |  6.0
Fighting       | 4 5 6 8 10 11 13 14 15 16 17 18 | 18.1
Evocations     | 2 4 6 8 9 10 11 12 | 12.1
Shields        | 1 4 |  4.0

Action                   |  1- 3 |  4- 6 |  7- 9 | 10-12 | 13-15 | 16-18 | 19-21 || total
-------------------------+-------+-------+-------+-------+-------+-------+-------++-------
Melee: Hand axe          |    90 |   188 |   253 |       |       |       |       ||   531
       Dagger            |       |    94 |       |       |       |       |       ||    94
       War axe           |       |       |    99 |    41 |    92 |       |       ||   232
       Broad axe         |       |       |       |   498 |   513 |       |       ||  1011
       Falchion          |       |       |       |    86 |       |       |       ||    86
       Executioner's axe |       |       |       |     4 |       |   288 |   356 ||   648
       Trident           |       |       |       |       |    13 |       |       ||    13
       Battleaxe         |       |       |       |       |   364 |  1070 |       ||  1434
Invok: Berserk           |     3 |     4 |     9 |    25 |    17 |    15 |     4 ||    77
       Trog's Hand       |       |       |       |    11 |    10 |    11 |     6 ||    38
       Brothers in Arms  |       |       |       |       |       |       |     2 ||     2
Evoke: Wand              |       |       |       |     1 |       |     4 |       ||     5
  Use: Scroll            |       |       |     7 |     4 |    11 |    19 |     5 ||    46
 Stab: Sleeping          |     1 |       |       |       |       |       |       ||     1
       Petrified         |       |       |       |       |       |     2 |       ||     2
       Distracted        |       |       |       |       |       |       |     1 ||     1
Armor: Animal skin       |    37 |       |       |       |       |       |       ||    37
       Chain mail        |       |   193 |   107 |       |       |       |       ||   300
       Plate armour      |       |       |   113 |   605 |   492 |       |       ||  1210
       Ice dragon scales |       |       |       |     8 |       |       |       ||     8
       Skin              |       |       |       |     1 |       |       |       ||     1
       Crystal plate arm |       |       |       |       |   248 |  1635 |   344 ||  2227
Dodge: Dodged            |    48 |   111 |   127 |   288 |   296 |   422 |   281 ||  1573
       Repelled          |       |       |     1 |    10 |     2 |    12 |     7 ||    32
Block: Buckler           |       |       |       |    52 |   112 |       |       ||   164
       Rpst.: Falchion   |       |       |       |    18 |       |       |       ||    18

Table legend: (Time is in decaauts)
 A = Elapsed time spent in this place.
 B = Non-inter-level travel time spent in this place.
 C = Inter-level travel time spent in this place.
 D = Time resting spent in this place.
 E = Time spent auto-exploring this place.
 F = Levels seen in this place.
 G = Mean time per level.
                   A        B        C        D        E       F      G
               +--------+--------+--------+--------+--------+-----+--------+
         Total |  34618 |  32757 |   1861 |   1610 |  23558 |  33 | 1049.0 |
       Dungeon |  17843 |  16649 |   1194 |    935 |  12384 |  15 | 1189.5 |
          Lair |   5608 |   5284 |    324 |      0 |   4331 |   6 |  934.7 |
         Swamp |   3700 |   3582 |    118 |     77 |   2746 |   4 |  925.0 |
  Orcish Mines |   1569 |   1462 |    107 |    127 |    944 |   2 |  784.5 |
   Elven Halls |   3808 |   3692 |    116 |    101 |   2322 |   3 | 1269.3 |
        Vaults |   1124 |   1124 |      0 |      0 |    724 |   1 | 1124.0 |
         Abyss |     23 |     23 |      0 |      0 |      0 |   1 |   23.0 |
      Ice Cave |    939 |    939 |      0 |    369 |    106 |   1 |  939.0 |
               +--------+--------+--------+--------+--------+-----+--------+

Top non-repeatable levels by time:
   Elf:3: 1789 daAuts
     D:8: 1757 daAuts
    D:14: 1724 daAuts
    D:13: 1489 daAuts
     D:3: 1390 daAuts
    D:15: 1344 daAuts
     D:7: 1325 daAuts
  Lair:6: 1318 daAuts
    D:12: 1239 daAuts
     D:6: 1217 daAuts
 Swamp:4: 1174 daAuts
   Elf:2: 1148 daAuts
Vaults:1: 1124 daAuts
     D:9: 1113 daAuts
    D:11: 1018 daAuts
